 Dungeon Crawl Stone Soup version 0.22.1-6-g1668fe2 (webtiles) character file.

5784 doot the Archer (level 10, -1/84 HPs)
             Began as a Centaur Gladiator on Jan 22, 2019.
             Was a Follower of Sif Muna.
             Killed from afar by a naga mage (3 damage)
             ... with a splash of poison
             ... on level 10 of the Dungeon.
             The game lasted 00:26:05 (9927 turns).

doot the Archer (Centaur Gladiator)                 Turns: 9927, Time: 00:26:06

Health: -1/84      AC:  8    Str: 21    XL:     10   Next: 50%
Magic:  9/11       EV:  8    Int: 10    God:    Sif Muna [*.....]
Gold:   471        SH:  0    Dex: 10    Spells: 6/11 levels left

rFire    . . .     SeeInvis .   b - +3 flail (freeze)
rCold    . . .     Gourm    .   (no shield)
rNeg     . . .     Faith    .   E - +2 robe {MR+}
rPois    +         Spirit   .   c - +0 helmet
rElec    .         Reflect  .   (no cloak)
rCorr    .         Harm     .   K - +0 pair of gloves
MR       +....                  (no barding)
Stlth    +.........             H - amulet of regeneration
HPRegen  0.64/turn              n - +3 ring of strength
MPRegen  0.12/turn              s - ring of poison resistance

@: about to teleport, constricted, drained, very quick
A: large, hooves 3, deformed body, speed 2, tough skin 3
a: Divine Energy, Renounce Religion


You were on level 10 of the Dungeon.
You worshipped Sif Muna.
Sif Muna was aware of your devotion.
You were hungry.

You visited 2 branches of the dungeon, and saw 11 of its levels.
You also visited: Sewer.

You collected 471 gold pieces.

Inventory:

Hand Weapons
 a - a +0 shortbow
 b - a +3 flail of freezing (weapon)
 F - a +0 war axe
 I - a +1 morningstar of protection
 J - a +1 long sword
 L - a +0 morningstar of holy wrath
Missiles
 d - 4 throwing nets (quivered)
 G - 68 arrows
Armour
 c - a +0 helmet (worn)
 u - a +0 leather armour
 E - a +2 robe of magic resistance (worn)
 K - a +0 pair of gloves (worn)
 Q - the +2 shield of Whack-A-Mole {rElec Int+2 Stlth-}
   (You found it on level 7 of the Dungeon)

   It affects your intelligence (+2).
   It insulates you from electricity.
   It makes you less stealthy.
Jewellery
 h - an uncursed ring of resist corrosion
 m - an uncursed ring of magical power
 n - a +3 ring of strength (left hand)
 s - a ring of poison resistance (right hand)
 H - an amulet of regeneration (around neck)
 T - a +5 amulet of reflection
Wands
 x - a wand of flame (31)
Scrolls
 e - 6 scrolls of teleportation
 g - a scroll of blinking
 i - a scroll of identify
 j - 2 scrolls of magic mapping
 k - a scroll of fog
 l - 3 scrolls of remove curse
 r - 4 scrolls of enchant armour {unknown}
 y - 4 scrolls of fear {unknown}
 D - 2 scrolls of immolation {unknown}
 M - a scroll of enchant weapon {unknown}
 R - a scroll of summoning {unknown}
 S - a scroll of torment {unknown}
 U - a scroll of amnesia {unknown}
Potions
 o - 2 potions of lignification {unknown}
 p - a potion of berserk rage {unknown}
 q - a potion of magic {unknown}
 t - a potion of might {unknown}
 v - 2 potions of heal wounds {unknown}
 w - a potion of haste {unknown}
 z - 5 potions of curing
 A - a potion of degeneration {unknown}
 B - 2 potions of cancellation {unknown}
 C - 2 potions of flight
 O - a potion of agility {unknown}
 P - a potion of brilliance {unknown}
 V - a potion of resistance {unknown}
Comestibles
 f - 24 rations


   Skills:
 + Level 6.6(6.0) Fighting
 + Level 4.0(6.0) Axes
 + Level 8.2(8.0) Maces & Flails
 + Level 8.5(7.9) Bows
 + Level 2.4(1.8) Throwing
 + Level 2.7(2.1) Armour
 + Level 5.2(4.6) Dodging
 + Level 1.5(0.9) Stealth
 + Level 1.2(0.7) Spellcasting
 + Level 2.2(1.6) Summonings


You had 6 spell levels left.
You knew the following spells:

 Your Spells              Type           Power        Failure   Level  Hunger
a - Call Imp              Summ           #.......     26%         2    ###....
b - Regeneration          Chrm/Necr      #.........   71%         3    ####...

Your spell library contained the following spells:

 Spells                   Type           Power        Failure   Level  Hunger
 Animate Skeleton         Necr           N/A          34%         1    ##.....
 Magic Dart               Conj           #...         34%         1    ##.....
 Pain                     Necr           #...         34%         1    ##.....
 Blink                    Tloc           N/A          47%         2    ###....
 Slow                     Hex            #.......     47%         2    ###....
 Conjure Flame            Conj/Fire      #.......     71%         3    ####...
 Mephitic Cloud           Conj/Pois/Air  #.......     71%         3    ####...
 Vampiric Draining        Necr           #.........   71%         3    ####...
 Animate Dead             Necr           N/A          98%         4    #####..


Dungeon Overview and Level Annotations

Branches:
Dungeon (10/15)            Temple (1/1) D:6
   Lair: D:8-11         Orc: D:9-12

Altars:
Ashenzari
Cheibriados
Dithmenos
Elyvilon
Fedhas
Gozag
Hepliaklqana
Kikubaaqudgha
Makhleb
Nemelex Xobeh
Okawaru
Qazlal
Ru
Sif Muna
Trog
Uskayaw
Vehumet
Wu Jian
Xom
Yredelemnul
Zin
The Shining One

Shops:
D:4 *   D:6 [

Annotations:
D:9 Erolcha


Innate Abilities, Weirdness & Mutations

You have hooves in place of feet.
Armour fits poorly on your strangely shaped body.
You cover ground very quickly.
You have extremely tough skin. (AC +3)


Message History

The naga mage gestures at you while chanting.
The orb of energy hits you!
* * * LOW HITPOINT WARNING * * *
The orb of energy explodes!
* * * LOW HITPOINT WARNING * * *
The naga mage constricts you.
You barely miss the naga mage. Your kick misses the naga mage.
The naga mage is almost dead.
The naga mage closely misses you.
* * * LOW HITPOINT WARNING * * *
The naga mage constricts you.
You barely miss the naga mage.
The naga mage is almost dead.
The naga mage points at you and mumbles some strange words.
The bolt of poison hits you! You resist.
* * * LOW HITPOINT WARNING * * *
x2 The naga mage constricts you.
The naga mage spits poison at you. The splash of poison hits you! You resist.
You die...

##### ###### ##....
?#?#:#? ##.....
....... #..?...
....... #......
....... #......
###....... #......
#.@N...... #...<..
#.#....... #.....W
#)#....... #...Yo.
#.#....... #.Y....
#.#....... #......
#.#?#?#?#? #YY....
#)###########Y.....
#......Y......#####
###############


You could see a naga mage.

Vanquished Creatures
  A hydra (D:8)
  A two-headed ogre (D:7)
  2 dream sheep (D:8)
  5 yaks
  2 orc warriors (D:6)
  A phantom (D:10)
  A black bear (D:6)
  2 sky beasts
  2 ice beasts (D:5)
  4 ogres
  3 centaurs (D:6)
  Blork the orc (D:5)
  5 big kobolds
  2 bullfrogs (D:7)
  A scorpion (D:6)
  5 wights
  6 electric eels (D:6)
  2 howler monkeys (D:7)
  3 crimson imps
  2 hounds
  A jelly (D:6)
  2 quasits
  A bullfrog skeleton (D:7)
  A gnoll shaman (D:8)
  3 orc priests
  3 orc wizards
  2 centaur skeletons
  3 iguanas
  3 worker ants
  A hound zombie (D:8)
  A worker ant zombie (D:7)
  8 adders
  A howler monkey skeleton (D:4)
  10 gnolls
  2 river rats (Sewer)
  2 shadow imps
  2 dart slugs (D:1)
  10 leopard geckos
  17 orcs
  3 ball pythons
  9 giant cockroaches
  3 goblins
  7 hobgoblins
  8 jackals
  10 kobolds
  2 quokkas (D:8)
  6 bats
  5 frilled lizards
  A quokka skeleton (D:7)
  6 rats
184 creatures vanquished.

Vanquished Creatures (others)
  5 plants (D:8)
5 creatures vanquished.

Grand Total: 189 creatures vanquished

Notes
Turn   | Place    | Note
-------+----------+-------------------------------------------
     0 | D:1      | doot the Centaur Gladiator began the quest for the Orb.
     0 | D:1      | Reached XP level 1. HP: 17/17 MP: 1/1
   216 | D:1      | Reached XP level 2. HP: 15/24 MP: 2/2
   984 | D:2      | Reached XP level 3. HP: 29/29 MP: 3/3
  1349 | D:2      | Found a glowing golden altar of the Shining One.
  1526 | D:2      | Found an opulent altar of Gozag.
  1572 | D:2      | Reached skill level 1 in Armour
  1785 | D:3      | Reached XP level 4. HP: 36/37 MP: 4/4
  1787 | D:3      | Found a transporter.
  1812 | D:3      | Noticed a kobold demonologist
  1827 | D:3      | Found a transporter.
  2557 | D:2      | Found a shimmering altar of Xom.
  2784 | D:2      | Reached XP level 5. HP: 33/42 MP: 5/5
  2959 | D:3      | Noticed a red devil
  2960 | D:3      | Noticed a rust devil
  3371 | D:4      | Found Pitydum's General Store.
  3612 | D:4      | Reached skill level 1 in Maces & Flails
  3646 | D:4      | Found a burning altar of Makhleb.
  3930 | D:4      | Found a sacrificial altar of Ru.
  4048 | D:5      | Entered Level 5 of the Dungeon
  4065 | D:5      | Noticed Blork the orc
  4066 | D:5      | Noticed an ogre
  4090 | D:4      | Learned a level 2 spell: Call Imp
  4146 | D:5      | Reached XP level 6. HP: 50/50 MP: 1/6
  4148 | D:5      | Noticed an ice beast
  4155 | D:5      | Killed an ice beast
  4169 | D:5      | Noticed a sky beast
  4346 | D:5      | Killed a sky beast
  4346 | D:5      | Reached skill level 1 in Summonings
  4364 | D:5      | Noticed an ice beast
  4374 | D:5      | Killed an ice beast
  4374 | D:5      | Reached XP level 7. HP: 16/57 MP: 7/7
  4409 | D:5      | Found a glowing drain.
  4441 | Sewer    | Entered a sewer
  4760 | Sewer    | Found a white marble altar of Elyvilon.
  4951 | D:5      | Found a sparkling altar of Nemelex Xobeh.
  5058 | D:5      | Killed Blork the orc
  5189 | D:6      | Found Baott's Antique Armour Emporium.
  5245 | D:6      | Found a staircase to the Ecumenical Temple.
  5254 | Temple   | Entered the Ecumenical Temple
  5608 | D:6      | Reached XP level 8. HP: 63/63 MP: 8/8
  5653 | D:6      | Reached skill level 5 in Maces & Flails
  6009 | D:6      | Learned a level 3 spell: Regeneration
  6041 | D:6      | Reached skill level 1 in Bows
  6631 | D:6      | Found a deep blue altar of Sif Muna.
  6634 | D:6      | Became a worshipper of Sif Muna the Loreminder
  6671 | D:6      | Found a blossoming altar of Fedhas.
  7118 | D:7      | Noticed a two-headed ogre
  7194 | D:7      | Reached XP level 9. HP: 72/72 MP: 9/9
  7221 | D:7      | Found an iron altar of Okawaru.
  7335 | D:7      | Reached skill level 1 in Stealth
  7612 | D:7      | Reached skill level 5 in Fighting
  7662 | D:7      | Got a transparent shield
  7669 | D:7      | Identified the +2 shield of Whack-A-Mole {rElec Int+2
                  | Stlth-} (You found it on level 7 of the Dungeon)
  7812 | D:6      | Reached skill level 1 in Spellcasting
  8327 | D:7      | Killed a two-headed ogre
  8327 | D:7      | Reached skill level 5 in Bows
  8327 | D:7      | Reached skill level 5 in Dodging
  8834 | D:8      | Reached * piety under Sif Muna
  9241 | D:8      | Found a bloodstained altar of Trog.
  9334 | D:8      | Reached XP level 10. HP: 67/83 MP: 11/11
  9357 | D:8      | Noticed a two-headed hydra
  9415 | D:8      | Killed a two-headed hydra
  9725 | D:9      | Noticed Erolcha
  9751 | D:10     | Entered Level 10 of the Dungeon
  9911 | D:10     | Noticed a naga mage
  9927 | D:10     | HP: 4/84 [naga mage/bolt of poison (7)]
  9927 | D:10     | Killed from afar by a naga mage

Skill      XL: |  1  2  3  4  5  6  7  8  9 10 |
---------------+-------------------------------+-----
Axes           | 3 4 |  4.0
Armour         | 1 2 |  2.7
Maces & Flails | 1 2 4 6 7 8 |  8.2
Dodging        | 3 4 5 |  5.2
Fighting       | 3 4 5 6 |  6.6
Summonings     | 1 2 |  2.2
Bows           | 2 6 8 |  8.5
Stealth        | 1 |  1.5
Spellcasting   | 1 |  1.2
Throwing       | |  2.4

Action                   |  1- 3 |  4- 6 |  7- 9 | 10-12 || total
-------------------------+-------+-------+-------+-------++-------
Melee: War axe           |   106 |    16 |       |       ||   122
       Kick              |    13 |    25 |    64 |    14 ||   116
       Morningstar       |       |   100 |    90 |       ||   190
       Flail             |       |       |   180 |    63 ||   243
 Fire: Shortbow          |       |       |    85 |    25 ||   110
 Cast: Call Imp          |       |     1 |     1 |       ||     2
       Regeneration      |       |       |       |     1 ||     1
  Use: Scroll            |       |     3 |     2 |       ||     5
       Potion            |       |       |       |     2 ||     2
  Eat: Chunk             |     2 |     7 |     9 |     2 ||    20
       Ration            |       |       |     1 |       ||     1
Armor: Leather armour    |    46 |    61 |    15 |       ||   122
       Robe              |       |       |    72 |    11 ||    83
Dodge: Dodged            |    57 |    51 |   151 |    16 ||   275
